 Dungeon Crawl Stone Soup version 0.29-a0-334-gb41bcbb86e (webtiles) character file.

Game seed: 3412513383678852557

11 avis the Skirmisher (level 2, -1/27 HPs)
             Began as a Hill Orc Monk on Apr 14, 2022.
             Slain by a goblin
             ... wielding a +0 club
             ... led by Robin
              (3 damage)
             ... on level 2 of the Dungeon.
             The game lasted 00:01:48 (1080 turns).

avis the Skirmisher (Hill Orc Monk)                 Turns: 1080, Time: 00:01:48

Health: -1/27      AC:  2    Str: 13    XL:     2   Next: 25%
Magic:  2/2        EV: 12    Int: 10    God:
Gold:   65         SH:  0    Dex: 13    Spells: 1/1 levels left

rFire   . . .      SeeInvis .     - Unarmed
rCold   . . .      Faith    .   (no shield)
rNeg    . . .      Spirit   .   a - +0 robe
rPois   .          Reflect  .   (no helmet)
rElec   .          Harm     .   (no cloak)
rCorr   .          Rampage  .   (no gloves)
Will    .....                   (no boots)
Stlth   ++........              (no amulet)
HPRegen 0.09/turn               (no ring)
MPRegen 0.08/turn               (no ring)

@: no status effects
A: no striking features
a: no special abilities


You were on level 2 of the Dungeon.
You visited 1 branch of the dungeon, and saw 2 of its levels.

You collected 65 gold pieces.

Inventory:

Armour
 a - a +0 robe (worn)
 g - a +0 chain mail
Scrolls
 c - a scroll of fear {unknown}
 e - a scroll of teleportation {unknown}
 h - a scroll of identify {unknown}
Potions
 b - a potion of ambrosia
 d - a potion of curing {unknown}
 f - a potion of heal wounds {unknown}


   Skills:
 + Level 3.9 Fighting
 - Level 2.4 Dodging
 - Level 1.6 Stealth
 * Level 3.7 Unarmed Combat


You had one spell level left.
You didn't know any spells.
Your spell library was empty.

Dungeon Overview and Level Annotations

Branches:
Dungeon (2/15)

Altars:

Annotations:
D:2 Robin


Message History

The goblin shouts! x5
Found a scroll labelled CARAVOU YTZEUJ and 11 gold pieces.
Found a stone staircase leading down.
There is a stone staircase leading up here.
The goblin shouts!
Robin roars a battlecry!
The goblins go into a battle-frenzy!
The goblin hits you with a +0 club. The goblin misses you.
You climb upwards.
There is a stone staircase leading down here.
You hit the goblin.
The goblin is moderately wounded.
The goblin closely misses you. x2; The goblin hits you but does no damage.
You hit the goblin.
You kill the goblin!
The goblin barely misses you. The goblin closely misses you.
You punch the goblin!
You kill the goblin!
The goblin closely misses you.
You hit the goblin.
You kill the goblin!
Things that are here:
a +0 club; a goblin corpse You see here a +0 club.
You see here a +0 club.
There is a stone staircase leading down here.
You start resting.
HP restored.
You climb downwards.
Level annotation: Robin Robin roars a battlecry!
The goblins go into a battle-frenzy!
The iguana bites you! The goblin hits you with a +0 dagger.
The goblin closely misses you. The goblin hits you with a +0 club.
* * * LOW HITPOINT WARNING * * *
The goblin barely misses you. The goblin closely misses you.
The goblin hits you with a +0 dagger.
* * * LOW HITPOINT WARNING * * *
The goblin hits you with a +0 club.
You die...

##..........
#..........#
.>.........
..........#
.......?..#
..........#
......ggg.#
#.....g@g#
......glg.#
..........#
.$...g....#
..........#
........gg#
#........##
##......##


You could see an iguana, Robin, a hobgoblin (wandering, strong) and 8 goblins.

Vanquished Creatures
  A bat (D:1)
  A hobgoblin (D:1)
  A quokka (D:1)
  3 frilled lizards (D:1)
  3 goblins (D:1)
  2 kobolds (D:1)
11 creatures vanquished.

Notes
Turn   | Place    | Note
-------+----------+-------------------------------------------
     0 | D:1      | avis the Hill Orc Monk began the quest for the Orb.
     0 | D:1      | Reached XP level 1. HP: 19/19 MP: 1/1
   473 | D:1      | Found a faded altar of an unknown god.
   528 | D:1      | Reached XP level 2. HP: 17/27 MP: 2/2
  1029 | D:2      | Noticed Robin
  1080 | D:2      | Slain by a goblin

Illustrated notes

Levels and vault maps discovered:
D:1:      lightli_arrival_chessboard, layout_rooms,
          shapermc_ecumenical_altar_hornbeckon, kennysheep_decorative_pillar,
          minmay_misc_feat_chi, minmay_misc_feat_diagonals, interstate_on_off
D:2:      layout_rooms, basic_altar, uniq_terence, uniq_jessica, uniq_robin

Action                   || total
-------------------------++-------
Melee: Unarmed           ||    36
       Punch             ||     2
 Stab: Sleeping          ||     3
Armor: Robe              ||     7
Dodge: Dodged            ||    22

Table legend: (Time is in decaauts)
 A = Elapsed time spent in this place.
 B = Non-inter-level travel time spent in this place.
 C = Inter-level travel time spent in this place.
 D = Time resting spent in this place.
 E = Time spent auto-exploring this place.
 F = Levels seen in this place.
 G = Mean time per level.
                   A        B        C        D        E       F      G
               +--------+--------+--------+--------+--------+-----+--------+
         Total |   1085 |    981 |    104 |    324 |    517 |   2 |  542.5 |
       Dungeon |   1085 |    981 |    104 |    324 |    517 |   2 |  542.5 |
               +--------+--------+--------+--------+--------+-----+--------+

Top non-repeatable levels by time:
     D:1: 1071 daAuts
     D:2: 14 daAuts
